 Dungeon Crawl Stone Soup version 0.23.0 (webtiles) character file.

Game seed: 13363744055734340270

1851 Lanoc the Slasher (level 9, 0/72 (73) HPs)
             Began as a Gnoll Chaos Knight on Feb 15, 2019.
             Was a Plaything of Xom.
             Hit by a tomahawk thrown by something (9 damage)
             ... on level 7 of the Dungeon.
             The game lasted 00:09:58 (3817 turns).

Lanoc the Slasher (Gnoll Chaos Knight)              Turns: 3817, Time: 00:09:58

HP:   0/72 (73)     AC: 11    Str: 16 (17) XL:     9   Next: 12%
MP:   0/14          EV:  9    Int: 17 (19) God:    Xom [*.....]
Gold: 289           SH:  7    Dex: 15      Spells: 15/15 levels left

rFire    . . .     SeeInvis .   a - +0 falchion (chaos)
rCold    . . .     Gourm    .   i - +2 buckler
rNeg     + + .     Faith    .   r - +0 chain mail "Beitush" {-Tele rN+ Regen+ Int+4} (curse)
rPois    .         Spirit   +   (no helmet)
rElec    .         Reflect  .   s - +0 cloak
rCorr    .         Harm     .   (no gloves)
MR       .....     NoTele   +   (no boots)
Stlth    ..........             b - amulet of guardian spirit
HPRegen  0.62/turn              k - ring of positive energy
MPRegen  0.14/turn              (no ring)

@: no status effects
A: distributed training, fangs 1, blurry vision 1, deterioration 1, strong nose
a: Renounce Religion


You were on level 7 of the Dungeon.
You worshipped Xom.
You were a special plaything of Xom.
You were not hungry.

You visited 1 branch of the dungeon, and saw 7 of its levels.

You collected 289 gold pieces.

Inventory:

Hand Weapons
 a - a +0 falchion of chaos (weapon)
 v - a +2 whip of electrocution
Missiles
 h - 15 sling bullets
 m - 4 tomahawks of returning (quivered)
 u - 25 arrows
Armour
 i - a +2 buckler (worn)
 r - the cursed +0 chain mail "Beitush" (worn) {-Tele rN+ Regen+ Int+4}
   (You found it on level 5 of the Dungeon)

   It affects your intelligence (+4).
   It protects you from negative energy.
   It prevents most forms of teleportation.
   It increases your rate of regeneration.
   It has a curse placed upon it.
 s - a +0 cloak (worn)
Jewellery
 b - an amulet of guardian spirit (around neck)
 k - a ring of positive energy (left hand)
Wands
 j - a wand of flame (15)
Scrolls
 d - a scroll of magic mapping {unknown}
 e - a scroll of immolation {unknown}
 f - 2 scrolls of teleportation
 l - a scroll of remove curse {unknown}
 o - a scroll of blinking {unknown}
 p - a scroll of fog
 t - a scroll of enchant weapon
Potions
 n - a potion of haste
 q - a potion of flight
 x - 2 potions of degeneration {unknown}
Comestibles
 c - 11 rations
 g - 3 chunks of flesh


   Skills:
 + Level 7.7 Fighting
 + Level 3.8 Short Blades
 + Level 7.7 Long Blades
 + Level 3.8 Axes
 + Level 3.8 Maces & Flails
 + Level 3.8 Polearms
 + Level 3.8 Staves
 + Level 3.8 Slings
 + Level 3.8 Bows
 + Level 3.8 Crossbows
 + Level 3.8 Throwing
 + Level 6.0 Armour
 + Level 4.7 Dodging
 + Level 3.8 Stealth
 + Level 3.8 Shields
 + Level 3.8 Unarmed Combat
 + Level 3.8 Spellcasting
 + Level 3.1 Conjurations
 + Level 3.1 Hexes
 + Level 3.1 Charms
 + Level 3.1 Summonings
 + Level 3.1 Necromancy
 + Level 3.1 Translocations
 + Level 3.1 Transmutations
 + Level 3.1 Fire Magic
 + Level 3.1 Ice Magic
 + Level 3.1 Air Magic
 + Level 3.1 Earth Magic
 + Level 3.1 Poison Magic
 + Level 4.2 Invocations
 + Level 3.8 Evocations


You had 15 spell levels left.
You didn't know any spells.
Your spell library contained the following spells:

 Spells                   Type           Power        Failure   Level  Hunger
 Beastly Appendage        Tmut           ##....       54%         1    None
 Sticks to Snakes         Tmut           ##......     67%         2    ##.....
 Spider Form              Tmut/Pois      ##........   88%         3    ###....
 Ice Form                 Ice/Tmut       ##......     99%         4    ####...
 Blade Hands              Tmut           ##........   100%        5    ######.


Dungeon Overview and Level Annotations

Branches:
Dungeon (7/15)
 Temple: D:4-7

Altars:
Ashenzari
Trog

Annotations:
D:3 Grinder


Innate Abilities, Weirdness & Mutations

Your experience applies equally to all skills.
You have very sharp teeth.
Your uncanny sense of smell can sniff out nearby items.
Scrolls take you a little longer to read.
Your body sometimes deteriorates upon taking damage.


Message History

The orc wizard seems to speed up.
You miss something. Something hits you! x2
* * * LOW HITPOINT WARNING * * *
A tomahawk appears from out of thin air!
The tomahawk hits you!
* * * LOW HITPOINT WARNING * * *
You see here a tomahawk.
A tomahawk appears from out of thin air!
The tomahawk hits you but does no damage.
You see here a tomahawk.
A tomahawk appears from out of thin air!
You block the tomahawk.
A tomahawk appears from out of thin air!
The tomahawk hits you!
* * * LOW HITPOINT WARNING * * *
You see here 2 tomahawks.
A tomahawk appears from out of thin air!
The tomahawk hits you!
You die... "Huh?
Did I miss anything?"

#. #. #..#..# #.# ###. #.
#..#.###.# ...##(####
#.#..##.# #.......
###..#.##.### ##.<.#.#
##...........##
####...#..###.............##
......)..oo#...............#
#ยง...((o.S....<..........#
.......##)##..@..).........#
.o##### #.##.(.............#
#(##...............#
#.(................#
###.#.............##
#................##
##..#..###.#.#.###
#..###..##....># #..#
##..[#.#..#


You could see an adder and 3 orcs.

Vanquished Creatures
  A sky beast (D:5)
  A phantom (D:4)
  2 necrophages (D:6)
  An ogre (shapeshifter) (D:6)
  3 ogres
  A centaur (D:5)
  A bullfrog (D:6)
  A gnoll sergeant (D:6)
  5 crimson imps
  2 hounds
  A centaur skeleton (D:6)
  3 orc priests
  A jelly (D:6)
  9 worker ants
  10 gnolls
  A worker ant zombie (D:5)
  4 adders
  An adder skeleton (D:4)
  5 leopard geckos
  15 orcs
  9 bats
  A giant cockroach (D:3)
  7 goblins
  2 jackals (D:3)
  3 quokkas
  3 frilled lizards
  3 kobolds (D:3)
  7 rats
103 creatures vanquished.

Vanquished Creatures (collateral kills)
  Eustachio (D:6)
  A phantom (D:4)
  A hound (D:4)
  A worker ant zombie (D:5)
  A gnoll (D:5)
  An ooze (D:4)
  A worm (D:4)
  3 orcs
10 creatures vanquished.

Vanquished Creatures (others)
  A worm (D:3)
  A fungus (D:2)
2 creatures vanquished.

Grand Total: 115 creatures vanquished

Notes
Turn   | Place    | Note
-------+----------+-------------------------------------------
     0 | D:1      | Lanoc the Gnoll Chaos Knight began the quest for the Orb.
     0 | D:1      | Reached XP level 1. HP: 23/23 MP: 1/1
    67 | D:1      | XOM: harmless Necr miscast
   123 | D:2      | Reached XP level 2. HP: 28/29 MP: 2/2
   263 | D:2      | Found a shattered altar of Ashenzari.
   339 | D:2      | XOM: summons 1 hostile demon
   350 | D:2      | Saw a vision of the Swamp and the Snake Pit.
   350 | D:2      | Noticed a naga
   350 | D:2      | Noticed a naga
   350 | D:2      | Noticed a black mamba
   350 | D:2      | Noticed a black mamba
   350 | D:2      | Noticed a shock serpent
   350 | D:2      | Noticed an alligator
   350 | D:2      | Noticed a naga
   350 | D:2      | Noticed a black mamba
   351 | D:2      | Noticed a bullfrog
   353 | D:2      | Noticed an alligator
   446 | D:3      | XOM: noise
   714 | D:3      | XOM: divination: detect items
   791 | D:3      | Reached XP level 3. HP: 35/35 MP: 3/3
   808 | D:3      | XOM: polymorph hobgoblin -> leopard gecko
   833 | D:3      | XOM: god gift: 35 gold pieces
  1027 | D:3      | Reached skill level 1 in Invocations
  1048 | D:3      | XOM: summons friendly quasit
  1181 | D:3      | Reached skill level 1 in Short Blades
  1181 | D:3      | Reached skill level 1 in Axes
  1181 | D:3      | Reached skill level 1 in Maces & Flails
  1181 | D:3      | Reached skill level 1 in Polearms
  1181 | D:3      | Reached skill level 1 in Staves
  1181 | D:3      | Reached skill level 1 in Slings
  1181 | D:3      | Reached skill level 1 in Bows
  1181 | D:3      | Reached skill level 1 in Crossbows
  1181 | D:3      | Reached skill level 1 in Throwing
  1181 | D:3      | Reached skill level 1 in Stealth
  1181 | D:3      | Reached skill level 1 in Shields
  1181 | D:3      | Reached skill level 1 in Unarmed Combat
  1181 | D:3      | Reached skill level 1 in Spellcasting
  1181 | D:3      | Reached skill level 1 in Evocations
  1181 | D:3      | Reached XP level 4. HP: 40/41 MP: 5/5
  1262 | D:3      | Noticed Grinder
  1265 | D:3      | XOM: summons 3 friendly demons
  1270 | D:3      | XOM: enchant monster (good)
  1275 | D:3      | XOM: cleaving
  1466 | D:4      | XOM: enchant monster (good)
  1547 | D:4      | Noticed a phantom
  1547 | D:4      | XOM: summons friendly ufetubus
  1552 | D:4      | Noticed a phantom
  1564 | D:4      | XOM: smoke on damage
  1571 | D:4      | XOM: confuse monster(s)
  1573 | D:4      | Reached skill level 1 in Conjurations
  1573 | D:4      | Reached skill level 1 in Hexes
  1573 | D:4      | Reached skill level 1 in Charms
  1573 | D:4      | Reached skill level 1 in Summonings
  1573 | D:4      | Reached skill level 1 in Necromancy
  1573 | D:4      | Reached skill level 1 in Translocations
  1573 | D:4      | Reached skill level 1 in Transmutations
  1573 | D:4      | Reached skill level 1 in Fire Magic
  1573 | D:4      | Reached skill level 1 in Ice Magic
  1573 | D:4      | Reached skill level 1 in Air Magic
  1573 | D:4      | Reached skill level 1 in Earth Magic
  1573 | D:4      | Reached skill level 1 in Poison Magic
  1573 | D:4      | Killed a phantom
  1573 | D:4      | Reached XP level 5. HP: 34/47 MP: 5/7
  1581 | D:4      | Killed a phantom
  1581 | D:4      | Reached XP level 6. HP: 40/53 MP: 5/8
  1592 | D:4      | XOM: scenery: 1 doors close
  1632 | D:4      | Reached skill level 5 in Armour
  1870 | D:4      | XOM: divination: detect creatures
  1966 | D:4      | XOM: potion effect (invisibility)
  1973 | D:4      | Reached XP level 7. HP: 51/59 MP: 10/10
  2004 | D:4      | XOM: god gift: 17 gold pieces
  2136 | D:5      | Entered Level 5 of the Dungeon
  2148 | D:5      | Got a dazzling chain mail
  2159 | D:5      | Identified the cursed +0 chain mail "Beitush" {-Tele rN+
                  | Regen+ Int+4} (You found it on level 5 of the Dungeon)
  2202 | D:5      | XOM: harmless Hex miscast
  2220 | D:5      | XOM: cloud trail
  2332 | D:5      | XOM: confuse monster(s)
  2458 | D:5      | Reached XP level 8. HP: 50/67 MP: 8/12
  2554 | D:5      | Noticed a glowing shapeshifter
  2554 | D:5      | a centaur changed into a glowing shapeshifter
  2554 | D:5      | Noticed a dream sheep
  2554 | D:5      | a glowing shapeshifter changed into a dream sheep
  2556 | D:5      | Noticed a faun
  2556 | D:5      | a dream sheep changed into a faun
  2557 | D:5      | Noticed a sea snake
  2557 | D:5      | a faun changed into a sea snake
  2558 | D:5      | Noticed a cyclops
  2558 | D:5      | a sea snake changed into a cyclops
  2562 | D:5      | Noticed a mana viper
  2562 | D:5      | a cyclops changed into a mana viper
  2563 | D:5      | XOM: harmless Necr miscast
  2566 | D:5      | Noticed a tarantella
  2566 | D:5      | a mana viper changed into a tarantella
  2570 | D:5      | Noticed a redback
  2570 | D:5      | a tarantella changed into a redback
  2585 | D:5      | Noticed a cyclops
  2587 | D:5      | Noticed a swamp dragon
  2587 | D:5      | a cyclops changed into a swamp dragon
  2595 | D:5      | Noticed a shock serpent
  2595 | D:5      | a swamp dragon changed into a shock serpent
  2626 | D:6      | XOM: smoke on damage
  2896 | D:6      | XOM: enchant monster (bad)
  2971 | D:6      | Noticed a shapeshifter
  2971 | D:6      | an orc priest changed into a shapeshifter
  2971 | D:6      | XOM: polymorph orc priest -> shapeshifter
  2971 | D:6      | Noticed a raiju
  2971 | D:6      | a shapeshifter changed into a raiju
  2972 | D:6      | Noticed a shapeshifter
  2972 | D:6      | a raiju changed into a shapeshifter
  2973 | D:6      | Noticed a spiny frog
  2973 | D:6      | a shapeshifter changed into a spiny frog
  2978 | D:6      | a spiny frog changed into a human
  2995 | D:6      | XOM: harmless Tloc miscast
  3021 | D:6      | XOM: harmless Conj miscast
  3119 | D:6      | XOM: give mutations
  3119 | D:6      | Gained mutation: Your body sometimes deteriorates upon
                  | taking damage. [Xom's mischief]
  3119 | D:6      | Gained mutation: Scrolls take you a little longer to read.
                  | [Xom's mischief]
  3167 | D:6      | Noticed Eustachio
  3172 | D:6      | XOM: harmless Erth miscast
  3188 | D:6      | XOM: cast spell 'Summon Hydra'
  3189 | D:6      | Killed Eustachio
  3210 | D:6      | XOM: mild Necr miscast
  3218 | D:6      | XOM: harmless Summ miscast
  3266 | D:6      | Found a bloodstained altar of Trog.
  3278 | D:6      | XOM: summons 1 hostile shadow creature
  3279 | D:6      | Reached XP level 9. HP: 58/71 MP: 9/14
  3626 | D:6      | XOM: medium Pois miscast
  3800 | D:7      | XOM: noise
  3817 | D:7      | Hit by a tomahawk thrown by something

Skill      XL: |  1  2  3  4  5  6  7  8  9 |
---------------+----------------------------+-----
Invocations    | 1 2 3 4 |  4.2
Short Blades   | 1 2 3 |  3.8
Axes           | 1 2 3 |  3.8
Maces & Flails | 1 2 3 |  3.8
Polearms       | 1 2 3 |  3.8
Staves         | 1 2 3 |  3.8
Slings         | 1 2 3 |  3.8
Bows           | 1 2 3 |  3.8
Crossbows      | 1 2 3 |  3.8
Throwing       | 1 2 3 |  3.8
Stealth        | 1 2 3 |  3.8
Shields        | 1 2 3 |  3.8
Unarmed Combat | 1 2 3 |  3.8
Spellcasting   | 1 2 3 |  3.8
Evocations     | 1 2 3 |  3.8
Conjurations   | 1 2 3 |  3.1
Hexes          | 1 2 3 |  3.1
Charms         | 1 2 3 |  3.1
Summonings     | 1 2 3 |  3.1
Necromancy     | 1 2 3 |  3.1
Translocations | 1 2 3 |  3.1
Transmutations | 1 2 3 |  3.1
Fire Magic     | 1 2 3 |  3.1
Ice Magic      | 1 2 3 |  3.1
Air Magic      | 1 2 3 |  3.1
Earth Magic    | 1 2 3 |  3.1
Poison Magic   | 1 2 3 |  3.1
Dodging        | 3 4 |  4.7
Armour         | 5 6 |  6.0
Fighting       | 7 |  7.7
Long Blades    | 7 |  7.7

Action                   |  1- 3 |  4- 6 |  7- 9 || total
-------------------------+-------+-------+-------++-------
Melee: Falchion          |   103 |    65 |   295 ||   463
       Bite              |    12 |    10 |    36 ||    58
Throw: Tomahawk          |       |       |     7 ||     7
Evoke: Wand              |       |       |     3 ||     3
  Use: Scroll            |       |     6 |     3 ||     9
       Potion            |       |       |     2 ||     2
 Stab: Paralysed         |       |     5 |     4 ||     9
       Confused          |       |     3 |     6 ||     9
       Petrifying        |       |     2 |     2 ||     4
       Invisible         |       |     1 |       ||     1
       Sleeping          |       |     1 |       ||     1
       Petrified         |       |       |     1 ||     1
  Eat: Chunk             |     1 |     2 |     7 ||    10
Armor: Leather armour    |    47 |     6 |     1 ||    54
       Chain mail        |       |       |   125 ||   125
Dodge: Dodged            |    62 |    28 |    80 ||   170
Block: Buckler           |    16 |     9 |    83 ||   108
       Rpst.: Falchion   |    26 |    10 |    25 ||    61
